 Dungeon Crawl Stone Soup version 0.30-a0-29-g142975f185 (webtiles) character file.

Game seed: 11537889216848276230

4232 Zeldest the Grappler (level 10, 0/90 HPs)
             Began as a Ghoul Monk on Aug 26, 2022.
             Was a Believer of Makhleb.
             Killed from afar by an electric eel (10 damage)
             ... with a bolt of electricity
             ... on level 7 of the Dungeon.
             The game lasted 00:09:19 (7584 turns).

Zeldest the Grappler (Ghoul Monk)                   Turns: 7584, Time: 00:09:20

Health: 0/90       AC: 10    Str: 20    XL:     10   Next: 30%
Magic:  9/9        EV: 11    Int:  5    God:    Makhleb [**....]
Gold:   467        SH:  0    Dex: 11    Spells: 9/9 levels left

rFire   + . .      SeeInvis .      - Unarmed
rCold   + . .      Faith    +    (no shield)
rNeg    + + +      Spirit   .    B - +0 ring mail {rF+}
rPois   ∞          Reflect  .    d - +0 helmet
rElec   .          Harm     .    f - +0 cloak
rCorr   +          Rampage  .    (no gloves)
Will    .....                    j - +0 pair of boots
Stlth   +.........               h - amulet of faith
HPRegen 0.00/turn                t - ring of resist corrosion
MPRegen 0.11/turn                (no ring)

@: inhibited regen
A: claws 1, cold resistance 1, negative energy resistance 3, inhibited
regeneration, torment resistance 2, devour on kill
a: Renounce Religion, Minor Destruction


You were on level 7 of the Dungeon.
You worshipped Makhleb.
Makhleb was pleased with you.
You visited 1 branch of the dungeon, and saw 7 of its levels.
You also visited: Sewer.

You collected 467 gold pieces.

Inventory:

Armour
 d - a +0 helmet (worn)
 f - a +0 cloak (worn)
 j - a +0 pair of boots (worn)
 B - a +0 ring mail of fire resistance (worn)
Jewellery
 h - an amulet of faith (around neck)
 t - a ring of resist corrosion (left claw)
Wands
 b - a wand of flame (3)
 A - a wand of iceblast (6)
 C - a wand of paralysis (5)
Scrolls
 c - 10 scrolls of identify
 e - a scroll of fear {unknown}
 g - a scroll of amnesia {unknown}
 k - 2 scrolls of poison {unknown}
 n - 2 scrolls of immolation {unknown}
 o - a scroll of enchant weapon {unknown}
 p - 3 scrolls of enchant armour {unknown}
 q - 2 scrolls of vulnerability {unknown}
 x - a scroll of brand weapon {unknown}
 y - a scroll of blinking {unknown}
 z - 3 scrolls of butterflies {unknown}
 D - a scroll of teleportation {unknown}
Potions
 a - 3 potions of curing
 i - a potion of attraction {unknown}
 l - 4 potions of haste {unknown}
 m - a potion of brilliance {unknown}
 r - 2 potions of lignification {unknown}
 s - a potion of might {unknown}
 u - 2 potions of heal wounds {unknown}
 v - a potion of flight {unknown}
 w - a potion of degeneration {unknown}
 E - a potion of berserk rage {unknown}


   Skills:
 + Level 8.7 Fighting
 + Level 6.5 Armour
 - Level 2.6 Dodging
 - Level 2.1 Stealth
 * Level 11.8 Unarmed Combat
 + Level 0.5 Invocations


You had 9 spell levels left.
You didn't know any spells.
Your spell library contained the following spells:

 Spells                   Type           Power      Damage    Failure   Level
 Freeze                   Ice            0%         1d3       63%         1
 Frozen Ramparts          Ice            0%         1d1       94%         3
 Summon Guardian Golem    Hex/Summ       0%         N/A       94%         3
 Hailstorm                Conj/Ice       0%         3d3       100%        4
 Orb of Destruction       Conj           0%         9d5       100%        7
 Spellforged Servitor     Conj/Summ      0%         N/A       100%        7


Dungeon Overview and Level Annotations

Branches:
Dungeon (7/15)              Sewer (visited)
 Temple: D:4-7

Altars:
Cheibriados
Dithmenos
Makhleb
Qazlal
Sif Muna


Innate Abilities, Weirdness & Mutations

You are immune to poison.
You have sharp fingernails.
Your flesh is cold resistant. (rC+)
You are immune to negative energy. (rN+++)
You do not regenerate when monsters are visible.
You are immune to unholy pain and torment.
You thrive by killing the living.


Message History

The bullfrog hits you but does no damage.
You scratch the electric eel.
The electric eel is lightly wounded.
The bullfrog hits you but does no damage.
The electric eel shoots out a bolt of lightning at you!
The bolt of electricity hits you!
You closely miss the electric eel.
The electric eel is lightly wounded.
The bullfrog barely misses you.
You scratch the electric eel. Your claw misses the electric eel.
The electric eel is heavily wounded.
The bullfrog hits you but does no damage.
You barely miss the bullfrog.
The bullfrog is moderately wounded.
The bullfrog hits you but does no damage.
The bullfrog hits you.
You closely miss the bullfrog.
The bullfrog is moderately wounded.
The electric eel shoots out a bolt of lightning at you!
The bolt of electricity hits you! The bullfrog misses you.
You barely miss the bullfrog.
The bullfrog is moderately wounded.
The electric eel shoots out a bolt of lightning at you!
The bolt of electricity hits you.
* * * LOW HITPOINT WARNING * * *
The bullfrog misses you.
You closely miss the electric eel.
The electric eel is heavily wounded.
The bullfrog hits you.
* * * LOW HITPOINT WARNING * * *
The electric eel shoots out a bolt of lightning at you!
The bolt of electricity hits you!
* * * LOW HITPOINT WARNING * * *
You scratch the electric eel.
The electric eel is heavily wounded.
The bullfrog hits you.
* * * LOW HITPOINT WARNING * * *
The electric eel shoots out a bolt of lightning at you!
The bolt of electricity hits you!
You die...

#. ##.#.....# ###..
#........# #.. ..
#......#.# #.#
#.#..#####.. #.#
#.>._..# #.# ####...#
######.#######.#.#
..#≈≈≈≈≈S≈≈........#
#$.≈...@F..#######.....
##.≈.######......#...#.#
#) ≈≈≈≈≈.# ### ....≈.#
###.≈.# .≈.# ≈.# ≈.


You could see a bullfrog and an electric eel.

Vanquished Creatures
  Pikel (D:7)
  Maggie (D:7)
  A hornet (D:7)
  5 yaks (D:7)
  2 steam dragons
  A water moccasin (D:7)
  2 black bears
  2 ice beasts
  An ogre (D:4)
  2 centaurs
  2 phantoms
  A kobold brigand (D:6)
  3 bullfrogs
  4 necrophages
  A scorpion (D:4)
  A howler monkey (D:7)
  2 electric eels (D:7)
  A jelly (D:5)
  5 hounds
  A gnoll bouda (D:6)
  2 orc priests
  4 iguanas
  8 orc wizards
  4 gnolls (D:6)
  3 river rats (Sewer)
  16 adders
  4 shadow imps
  A worm (D:2)
  3 dart slugs
  27 orcs
  4 bats
  6 endoplasms
  5 giant cockroaches
  11 goblins
  7 hobgoblins
  6 jackals (D:3)
  8 kobolds
  5 quokkas
  18 ball pythons
  2 frilled lizards (Sewer)
  26 rats
209 creatures vanquished.

Vanquished Creatures (collateral kills)
  A jackal (D:3)
1 creature vanquished.

Vanquished Creatures (others)
  7 plants (D:7)
7 creatures vanquished.

Grand Total: 217 creatures vanquished

Notes
Turn   | Place    | Note
-------+----------+-------------------------------------------
     0 | D:1      | Zeldest the Ghoul Monk began the quest for the Orb.
     0 | D:1      | Reached XP level 1. HP: 19/19 MP: 0/0
   401 | D:1      | Reached XP level 2. HP: 24/26 MP: 1/1
  1000 | D:2      | Reached XP level 3. HP: 31/31 MP: 2/2
  1045 | D:2      | Reached skill level 1 in Armour
  1045 | D:2      | Reached skill level 4 in Unarmed Combat
  1926 | D:3      | Reached XP level 4. HP: 40/40 MP: 3/3
  2492 | D:3      | Found a faded altar of an unknown god.
  2493 | D:3      | Noticed a shining eye
  2495 | D:3      | Noticed a floating eye
  2495 | D:3      | Noticed a golden eye
  2495 | D:3      | Noticed a great orb of eyes
  2680 | D:3      | Reached XP level 5. HP: 45/46 MP: 4/4
  3010 | D:3      | Reached skill level 5 in Unarmed Combat
  3452 | D:4      | Noticed a black bear
  3476 | D:3      | Killed a black bear
  3477 | D:3      | Reached XP level 6. HP: 28/53 MP: 5/5
  3660 | D:4      | Reached skill level 6 in Unarmed Combat
  3707 | D:4      | Noticed a steam dragon
  3789 | D:4      | Killed a steam dragon
  3790 | D:4      | Reached skill level 5 in Fighting
  3790 | D:4      | Reached XP level 7. HP: 61/61 MP: 6/6
  4041 | D:4      | Reached skill level 7 in Unarmed Combat
  4460 | D:5      | Entered Level 5 of the Dungeon
  4516 | D:5      | Found a snail-covered altar of Cheibriados.
  4529 | D:5      | Found a glowing drain.
  4545 | Sewer    | Entered a sewer
  4584 | Sewer    | Reached XP level 8. HP: 70/70 MP: 7/7
  4799 | Sewer    | Reached skill level 8 in Unarmed Combat
  5847 | D:6      | Reached skill level 9 in Unarmed Combat
  6014 | D:6      | Reached XP level 9. HP: 74/78 MP: 8/8
  6161 | D:6      | Reached skill level 5 in Armour
  6596 | D:6      | Found a stormy altar of Qazlal.
  6601 | D:6      | Found a shimmering blue altar of Sif Muna.
  6605 | D:6      | Found a shadowy altar of Dithmenos.
  6908 | D:7      | Identified the -2 buckler of the Endless Knives {rC- Regen+
                  | Dex+5}
  6918 | D:7      | Noticed Maggie
  6920 | D:7      | Noticed Pikel
  6945 | D:7      | Reached skill level 10 in Unarmed Combat
  6949 | D:7      | Killed Pikel
  6978 | D:7      | Killed Maggie
  7265 | D:7      | Reached skill level 11 in Unarmed Combat
  7279 | D:7      | Reached XP level 10. HP: 54/89 MP: 9/9
  7537 | D:7      | Found a burning altar of Makhleb.
  7552 | D:7      | Became a worshipper of Makhleb the Destroyer
  7552 | D:7      | Reached * piety under Makhleb
  7552 | D:7      | Reached ** piety under Makhleb
  7584 | D:7      | Killed from afar by an electric eel

Illustrated notes

Levels and vault maps discovered:
D:1:      dpeg_arrival_lava_temple_mockup, layout_basic
D:2:      layout_loops_ring, minmay_goblin_outpost
D:3:      minmay_wonky_spiral, layout_loops_ring,
          hellmonk_ecumenical_altar_watching_god
D:4:      layout_gridville
D:5:      layout_loops_ring, mainiacjoe_overflow_concentric_impassable,
          portal_sewer_entry_a, minmay_fractal_squares_gapless_5
D:6:      layout_basic, minitemple, hellmonk_bongcloud_opening
D:7:      layout_basic, overflow_temple_1_default, nicolae_overflow_squiral,
          minmay_temple_entry_gardened_gates, grunt_tough_drop, uniq_pikel,
          uniq_maggie

Skill      XL: |  1  2  3  4  5  6  7  8  9 |
---------------+----------------------------+-----
Armour         | 1 2 3 4 6 |  6.5
Unarmed Combat | 4 5 6 7 9 11 | 11.8
Fighting       | 4 5 6 8 |  8.7
Dodging        | |  2.6
Stealth        | |  2.1
Invocations    | |  0.5

Action                   |  1- 3 |  4- 6 |  7- 9 | 10-12 || total
-------------------------+-------+-------+-------+-------++-------
Melee: Unarmed           |   102 |   169 |   410 |    60 ||   741
       Punch             |     4 |     3 |    18 |     5 ||    30
  Use: Potion            |       |       |     4 |       ||     4
       Scroll            |       |       |     2 |       ||     2
 Stab: Sleeping          |     6 |     3 |     2 |       ||    11
       Invisible         |       |       |     7 |     3 ||    10
Armor: Robe              |    23 |    28 |       |       ||    51
       Ring mail         |       |    35 |    90 |    19 ||   144
       Steam dragon scal |       |       |   167 |       ||   167
Dodge: Dodged            |    54 |   134 |   348 |    23 ||   559

Table legend: (Time is in decaauts)
 A = Elapsed time spent in this place.
 B = Non-inter-level travel time spent in this place.
 C = Inter-level travel time spent in this place.
 D = Time resting spent in this place.
 E = Time spent auto-exploring this place.
 F = Levels seen in this place.
 G = Mean time per level.
                   A        B        C        D        E       F      G
               +--------+--------+--------+--------+--------+-----+--------+
         Total |   7530 |   7243 |    287 |   2004 |   3659 |   8 |  941.2 |
       Dungeon |   7097 |   6810 |    287 |   1889 |   3516 |   7 | 1013.9 |
         Sewer |    432 |    432 |      0 |    115 |    142 |   1 |  432.0 |
               +--------+--------+--------+--------+--------+-----+--------+

Top non-repeatable levels by time:
     D:3: 1274 daAuts
     D:2: 1260 daAuts
     D:6: 1019 daAuts
     D:1: 960 daAuts
     D:4: 945 daAuts
     D:5: 889 daAuts
     D:7: 748 daAuts
   Sewer: 432 daAuts
